 Dungeon Crawl Stone Soup version 0.32-a0-42-ga30500b4d3 (webtiles) character file.

Game seed: 8798865664444078109

1311460 cforsyth the Quintessent (level 27, 221/221 HPs)
             Began as a Djinni Reaver on Jan 29, 2024.
             Was an Initiate of Yredelemnul.
             Escaped with the Orb
             ... and 3 runes on Jan 30, 2024!
             The game lasted 04:26:29 (129902 turns).

cforsyth the Quintessent (Djinni Reaver)          Turns: 129902, Time: 04:26:29

Health: 221/221    AC: 33    Str: 11    XL:     27
Gold:   5996       EV: 21    Int: 28    God:    Yredelemnul [......] SH: 15 Dex: 19

rFire   + + +        a - +9 lance "Wyrmbane" {slay drac, rPois rF+ rC+ AC+3}
rCold   + + +        J - +1 kite shield {AC+3}
rNeg    + . .        B - +5 ring mail {Will+}
rPois   ∞            v - +2 helmet
rElec   +            r - +2 cloak {rCorr}
rCorr   +            M - +2 pair of gloves
SInv    +            (boots unavailable)
Will    +++..        b - amulet of Day {Faith rElec Regen+ MP-9 Dex+6}
Stlth   +            d - ring "Mesiukom" {rC++ MP+9}
HPRegen 1.36/turn    N - ring "Daufej" {^Contam rElec rC+ rN+ SInv}
MPRegen 0.00/turn

%: faith
@: flying, studying 4 skills
A: sickness immunity, fire resistance 2, cold vulnerability 1, float, innate
caster, HP casting, extra vitality 1, iridescent scales 1, inability to read
after injury 1
0: Orb of Zot
}: 3/15 runes: decaying, serpentine, silver
a: Renounce Religion, Recall Undead Harvest


You escaped.
You worshipped Yredelemnul.
Yredelemnul was noncommittal.
You visited 13 branches of the dungeon, and saw 53 of its levels.
You visited 1 bazaar.
You also visited: Ice Cave.

You collected 10002 gold pieces.
You spent 4006 gold pieces at shops.

Inventory:

Hand Weapons
 a - the +9 lance "Wyrmbane" (weapon) {slay drac, rPois rF+ rC+ AC+3}
   (You found it on level 3 of the Snake Pit)

   AC+3:      It affects your AC (+3).
   rF+:       It protects you from fire.
   rC+:       It protects you from cold.
   rPois:     It protects you from poison
 H - the +3 falchion of the World {freeze, Will+}
   (You found it on level 9 of the Dungeon)

   Will+:     It increases your willpower.
 P - the +8 morningstar of the Eight Eyes {elec, rN+ rCorr}
   (You took it off a skeletal warrior on level 14 of the Dungeon)

   rN+:       It protects you from negative energy.
   rCorr:     It protects you from acid and corrosion.
Armour
 e - a +2 buckler of fire resistance
 r - a +2 cloak of preservation (worn)
 v - a +2 helmet (worn)
 y - a +2 robe of resistance
 B - a +5 ring mail of willpower (worn)
 J - a +1 kite shield of protection (worn)
 M - a +2 pair of gloves (worn)
Jewellery
 b - the amulet of Day (around neck) {Faith rElec Regen+ MP-9 Dex+6}
   (You acquired it on level 3 of the Vaults)

   [amulet of faith]

   Faith:     It allows you to gain divine favour quickly.
   Dex+6:     It affects your dexterity (+6).
   rElec:     It insulates you from electricity.
   MP-9:      It affects your magic capacity (-9).
   Regen+:    It increases your rate of health regeneration.
 d - the ring "Mesiukom" (left hand) {rC++ MP+9}
   (You found it on level 2 of the Swamp)

   [ring of magical power]

   rC++:      It greatly protects you from cold.
   MP+9:      It affects your magic capacity (+9).
 x - the ring "Cioturi" {Fly rPois Int+4 Dex-3}
   (You found it on level 3 of the Snake Pit)

   [ring of flight]

   Int+4:     It affects your intelligence (+4).
   Dex-3:     It affects your dexterity (-3).
   rPois:     It protects you from poison Fly: It grants you flight.
 I - a ring of positive energy
 N - the ring "Daufej" (right hand) {^Contam rElec rC+ rN+ SInv}
   (You found it on level 3 of the Snake Pit)

   [ring of protection from cold]

   rC+:       It protects you from cold.
   rElec:     It insulates you from electricity.
   rN+:       It protects you from negative energy.
   SInv:      It lets you see invisible.
   ^Contam:   It causes magical contamination when unequipped.
 U - the ring of the Beastly God {*Slow rC++ rCorr Dex+4 Slay+3}
   (You found it on level 4 of the Snake Pit)

   [ring of resist corrosion]

   Dex+4:     It affects your dexterity (+4).
   Slay+3:    It affects your accuracy & damage with ranged weapons and melee
   (+3).
   rC++:      It greatly protects you from cold.
   rCorr:     It protects you from acid and corrosion.
   *Slow:     It may slow you when you take damage.
Wands
 f - a wand of polymorph (12)
 l - a wand of digging (44)
 s - a wand of iceblast (64)
 w - a wand of quicksilver (36)
 A - a wand of mindburst (13)
 G - a wand of flame (95)
 L - a wand of charming (34)
Scrolls
 c - 9 scrolls of fear
 g - 14 scrolls of teleportation
 h - 9 scrolls of vulnerability
 i - 7 scrolls of fog
 j - 2 scrolls of butterflies
 m - 11 scrolls of immolation
 u - 7 scrolls of poison
 K - 9 scrolls of enchant armour
 O - a scroll of revelation
 Q - 2 scrolls of blinking
 S - 9 scrolls of noise
 T - 3 scrolls of silence
 V - 30 scrolls of identify
 Y - 4 scrolls of torment
Potions
 k - 17 potions of haste
 n - 10 potions of enlightenment
 o - 14 potions of might
 p - 7 potions of attraction
 q - 10 potions of heal wounds
 t - 6 potions of brilliance
 z - 13 potions of curing
 C - 4 potions of mutation
 D - 10 potions of lignification
 E - 4 potions of ambrosia
 F - 2 potions of cancellation
 W - 4 potions of invisibility
 X - 4 potions of resistance
 Z - 4 potions of berserk rage
Miscellaneous
 R - a phantom mirror


   Skills:
 + Level 25.2 Fighting
 - Level 2.6 Short Blades
 + Level 17.0 Armour
 + Level 19.1 Dodging
 - Level 15.0 Shields
 O Level 27 Spellcasting
 O Level 27 Conjurations
 O Level 27 Hexes
   Level 0.0 Charms
 O Level 27 Summonings
 O Level 27 Necromancy
 O Level 27 Translocations
   Level 0.0 Transmutations
 O Level 27 Fire Magic
 O Level 27 Ice Magic
 O Level 27 Air Magic
 O Level 27 Earth Magic
 O Level 27 Alchemy


You knew the following spells:

 Your Spells              Type           Power      Damage    Failure   Level
a - Kiss of Death         Conj/Necr      100%       2d13      0%          1
b - Momentum Strike       Conj/Tloc      100%       3d10      0%          2
c - Hailstorm             Conj/Ice       100%       3d16      0%          3
d - Shock                 Conj/Air       100%       1d9       0%          1
e - Blink                 Tloc           100%       N/A       0%          2
f - Fugue of the Fallen   Necr           100%       N/A       0%          3
g - Passwall              Erth           100%       N/A       0%          3
h - Irradiate             Conj/Alch      56%        3d30      0%          5
i - Arcjolt               Conj/Air       56%        1d66      0%          5
j - Starburst             Conj/Fire      56%        6d15      0%          6
k - Death Channel         Necr           56%        N/A       0%          6
l - Summon Hydra          Summ           56%        N/A       1%          7
m - Maxwell's Capacitive  Air            56%        ∞         1%          8
n - Summon Horrible Thin  Summ           56%        N/A       1%          8
o - Chain Lightning       Conj/Air       56%        3d74      3%          9
p - Fire Storm            Conj/Fire      56%        8d14      3%          9
Your spell library was empty.

Dungeon Overview and Level Annotations

Branches:
Dungeon (15/15)            Temple (1/1) D:4            Lair (5/5) D:10
  Swamp (4/4) Lair:2        Snake (4/4) Lair:2        Slime (0/5) Lair:4
    Orc (2/2) D:9             Elf (3/3) Orc:2        Vaults (5/5) D:14
  Crypt (3/3) Vaults:3       Tomb (1/3) Crypt:3      Depths (4/4) D:15
   Hell (visited)             Zot (5/5) Depths:4      IceCv (visited)
    Dis: Hell:1         Geh: Hell:1         Coc: Hell:1         Tar: Hell:1

Altars:
Ashenzari
Cheibriados
Dithmenos
Elyvilon
Fedhas
Gozag
Hepliaklqana
Makhleb
Nemelex Xobeh
Okawaru
Qazlal
Ru
Trog
Uskayaw
Wu Jian
Xom
Yredelemnul
Zin
The Shining One
Jiyva

Shops:
D:6 :   D:15 *   Orc:2 [*=   Elf:1 (   Elf:2 ==:   Snake:1 [   Snake:2 =**
Snake:3 *!=   Snake:4 =   Vaults:3 [   Vaults:5 ?   Depths:1 *   Depths:4 [

Portals:
Hell: Depths:1 Depths:2 Depths:3 Depths:4
Abyss: Depths:3
Pandemonium: Depths:2
Ziggurat: Depths:1
Trove: Depths:3 (give 13 potions of heal wounds)

Annotations:
Depths:1 1 runed translucent door
Hell Geryon


Innate Abilities, Weirdness & Mutations

You are immune to sickness and miasma.
You are immune to poison.
Your flesh is very heat resistant. (rF++)
You are vulnerable to cold. (rC-)
You float through the air rather than walking.
You learn spells naturally, not from books.
Your magical power is your life essence.
You have superior vitality. (+4 MHP)
You are partially covered in iridescent scales. (AC +2)
You occasionally lose the ability to read scrolls when taking damage.


Message History

Your large abomination hits the sixfirhy!!!
The sixfirhy dies!
A black mist starts to gather...
You can now trade souls for undead servants.
Your spectral sixfirhy completely misses the cacodemon.
Your spectral sixfirhy misses the cacodemon.
Your spectral sixfirhy completely misses the cacodemon.
Your spectral sixfirhy barely misses the cacodemon.
Your spectral sixfirhy barely misses the cacodemon.
Your spectral sixfirhy hits the cacodemon.
Your spectral sixfirhy hits the cacodemon but does no damage. x2
Your spectral sixfirhy barely misses the cacodemon.
Your eight-headed hydra completely misses the cacodemon.
Your eight-headed hydra bites the cacodemon but does no damage. x3
Your eight-headed hydra bites the cacodemon.
Your eight-headed hydra bites the cacodemon!!
Your eight-headed hydra bites the cacodemon. x2
Your spectral sixfirhy closely misses the cacodemon.
Your large abomination hits the cacodemon!!
Your spectral sixfirhy hits the cacodemon but does no damage.
The cacodemon hits your large abomination.
The cacodemon barely misses your large abomination.
Your spectral sixfirhy closely misses the cacodemon.
Your spectral sixfirhy hits the cacodemon but does no damage. x2
Your spectral sixfirhy hits the cacodemon.
Your spectral sixfirhy hits the cacodemon!
Your spectral sixfirhy hits the cacodemon.
Your spectral sixfirhy hits the cacodemon but does no damage.
Your large abomination hits the cacodemon!!
The cacodemon dies!
A black mist starts to gather...
There is a stone staircase leading up here.
You fly upwards.
Your mindless puppet stays behind to rot.
There is a stone staircase leading down here.
Okay, then.
You can't go up here!
You see here 4 curare-tipped darts.
There is a staircase leading out of the dungeon here.
You have escaped!

# #..#.##.# #.#.#....#####.#. #
#.......# #.#.#....#####.#.
######.##.#..####.#............#.
........#.#.......#.#....#######.
........#...#.......#........†.#.
######.##.##..#####..#.#######.##
..........#..#.....#...# #.#
............#.......#..## #.#
#######.#..#....@....#..# #.#
####.##.##..#.......#...# #.#
......#.##...#.....#..#.# #.#
......#..#.#..#####.....## #.#
......##............##...# #.#
####.#######.......#...#.### #)#
#.# #######...###...# #.# ####.#
##### ###.###.# .....# #.....##


There were no monsters in sight!

Vanquished Creatures
  A dread lich (Zot:5)
  2 orbs of fire (Zot:5)
  4 ancient liches (Zot:5)
  Mara (Vaults:1)
  Vashnia (Snake:3)
  2 Killer Klowns (Zot:5)
  A pandemonium lord (Zot:1)
  3 golden dragons
  3 electric golems
  2 tentacled monstrosities
  Jorgrun (Orc:1)
  4 quicksilver dragons
  10 Orb Guardians (Zot:5)
  5 death cobs
  Frances (Swamp:1)
  3 draconian monks
  4 storm dragons
  4 protean progenitors
  3 nagarajas (Snake:4)
  2 shadow dragons
  2 deep elf sorcerers
  5 draconian knights
  4 draconian scorchers
  2 ghost moths
  3 spectral tentacled monstrosities
  3 draconian shifters
  5 draconian annihilators
  5 draconian stormcallers
  3 green draconians
  A bunyip (Swamp:1)
  2 yellow draconians
  6 black draconians
  5 purple draconians
  5 red draconians
  3 white draconians
  2 fire dragons
  A deep elf high priest (Vaults:1)
  4 vault guards
  A great orb of eyes (Vaults:3)
  5 hydras
  4 salamander tyrants
  2 alligators (Swamp:1)
  2 boulder beetles
  9 anacondas
  2 catoblepae
  5 centaur warriors
  3 two-headed ogres
  4 naga warriors
  2 spectral protean progenitors
  A deep troll earth mage (D:15)
  14 death yaks
  Urug (Lair:2)
  8 shock serpents
  A tengu warrior (D:14)
  A vampire mage (Crypt:1)
  12 naga sharpshooters
  4 deep elf knights
  2 orc high priests
  A fire crab (Lair:5)
  2 skysharks (Lair:5)
  A golden dragon zombie (Zot:4)
  8 skeletal warriors
  5 goliath frogs
  3 salamander mystics (Snake:4)
  A sea snake (Snake:2)
  A spriggan druid (Swamp:1)
  12 mana vipers
  4 bog bodies
  8 naga ritualists
  A swamp dragon (Swamp:1)
  An obsidian statue (Zot:5)
  A goliath frog zombie (Zot:2)
  A spectral alligator (Swamp:4)
  3 deep elf pyromancers
  An ugly thing zombie (IceCv)
  6 orc knights
  A wolf spider (D:15)
  3 draconian zombies
  2 orc sorcerers (Orc:2)
  A necromancer (IceCv)
  24 ugly things
  The ghost of IdlyInterested the Carver, a novice DsGl of Trog (D:6)
  Maurice (D:12)
  13 elephants
  9 cyclopes
  4 salamanders
  A meliai (shapeshifter) (D:14)
  10 moths of wrath
  3 kobold blastminers
  A rust devil (Zot:1)
  2 ice statues (IceCv)
  A vault sentinel (Vaults:1)
  30 black mambas
  11 naga magi
  2 guardian serpents (Snake:3)
  2 molten gargoyles
  7 cane toads
  An unseen horror (D:11)
  A kobold demonologist (D:10)
  A hellion (Zot:4)
  A white draconian zombie (Zot:2)
  A gargoyle (D:13)
  3 red draconian zombies
  8 komodo dragons
  3 ice devils (IceCv)
  3 anaconda simulacra (IceCv)
  2 freezing wraiths
  4 trolls
  A polar bear (shapeshifter) (D:14)
  6 moth of wrath zombies
  2 tyrant leeches
  A hornet (D:11)
  5 blink frogs
  A raiju (shapeshifter) (D:15)
  9 slime creatures
  2 shadows
  9 wyverns
  A spriggan (shapeshifter) (D:12)
  30 yaks
  A dire elephant simulacrum (IceCv)
  4 vampires
  2 wraiths
  A spriggan zombie (Swamp:1)
  A golden eye (shapeshifter) (D:14)
  5 humans (D:14)
  2 steam dragons
  4 basilisks
  3 wargs
  A death yak simulacrum (IceCv)
  Menkaure (D:4)
  24 nagas
  17 vampire mosquitoes
  8 swamp worms
  3 harpy simulacra (IceCv)
  12 water moccasins
  2 hydra simulacra (IceCv)
  4 hell hounds
  2 ice beasts (D:6)
  28 orc warriors
  2 swamp drakes (Swamp:1)
  3 laughing skulls
  10 ogres
  8 centaurs
  4 wolves
  A kobold brigand (D:10)
  A gnoll sergeant (D:8)
  9 bullfrogs
  A scorpion (D:5)
  2 water moccasin zombies (Lair:2)
  A troll zombie (D:12)
  5 wights
  7 killer bees (D:9)
  8 howler monkeys
  An electric eel (Lair:4)
  The ghost of Azoth the Shooter, a weakling DEHu (D:3)
  A bullfrog zombie (Lair:2)
  A centaur zombie (D:12)
  5 lava snakes (Lair:5)
  3 hounds
  6 jellies
  11 orc priests
  2 bombardier beetles (D:4)
  A gnoll bouda (Lair:2)
  3 iguanas
  23 orc wizards
  A spriggan simulacrum (IceCv)
  A polar bear simulacrum (IceCv)
  2 brain worm zombies (Zot:5)
  8 naga zombies
  13 gnolls
  6 orc zombies
  8 adders
  2 shadow imps (D:6)
  2 white imps
  2 ufetubi
  A jelly zombie (Lair:4)
  4 ribbon worms
  48 orcs
  7 endoplasms
  2 giant cockroaches
  10 goblins
  5 hobgoblins
  10 jackals
  12 kobolds
  2 quokkas
  2 ball pythons (D:4)
  3 bats
  3 frilled lizards
  A goblin zombie (D:9)
  3 kobold zombies (D:10)
  6 rats
  A rat skeleton (Crypt:1)
  3 aspiring fleshes
898 creatures vanquished.

Vanquished Creatures (collateral kills)
  A dread lich (Crypt:3)
  An orb of fire (Zot:5)
  3 ancient liches
  Xtahua (Crypt:1)
  A pandemonium lord (Zot:4)
  Josephina (Depths:2)
  2 Killer Klowns (Zot:5)
  Bai Suzhen (Crypt:2)
  Nikola (Swamp:2)
  11 golden dragons
  3 bone dragons
  Norris (Depths:1)
  A Brimstone Fiend (Zot:4)
  2 electric golems (Zot:1)
  17 tentacled monstrosities
  A walking earthen tome (Depths:4)
  8 liches
  16 Orb Guardians (Zot:5)
  5 quicksilver dragons
  3 deep elf blademasters (Elf:3)
  7 titans
  2 deep elf master archers (Elf:3)
  3 ancient champions
  10 sphinxes
  3 death cobs
  5 tengu reavers
  A thorn hunter (Swamp:3)
  3 revenants
  11 storm dragons
  5 shadow dragons
  8 protean progenitors
  A fenstrider witch (Swamp:4)
  Roxanne (Swamp:4)
  A daeva (Vaults:1)
  4 fire giants
  An iron dragon (Vaults:5)
  2 nagarajas
  4 draconian scorchers
  A caustic shrike zombie (Crypt:3)
  9 deep elf sorcerers
  7 draconian knights
  6 draconian shifters
  5 frost giants
  A deep elf elementalist (Elf:3)
  2 draconian monks (Zot:1)
  18 vault wardens
  A curse skull (Crypt:1)
  2 balrugs (Depths:2)
  A ghoul (Crypt:1)
  A ghost moth (Zot:5)
  An angel (Vaults:1)
  6 draconian annihilators
  3 spriggan defenders
  A cacodemon (D:2)
  25 very ugly things
  23 ironbound preservers
  A draconian stormcaller (Zot:1)
  3 formless jellyfish
  13 stone giants
  2 juggernaut skeletons
  6 ironbound thunderhulks
  7 vampire knights
  5 deep elf death magi
  5 black draconians
  13 deep elf annihilators
  12 green draconians
  2 eleionomae (Swamp:4)
  5 deep elf demonologists
  13 white draconians
  9 yellow draconians
  7 red draconians
  5 war gargoyles
  2 bennus (Tomb:1)
  4 spark wasps (Depths:1)
  17 dire elephants
  5 purple draconians
  4 bunyips
  3 blizzard demons
  6 crystal guardians
  7 ettins
  A merfolk javelineer (Depths:3)
  5 mummy priests (Tomb:1)
  6 fire dragons
  2 entropy weavers
  2 shambling mangroves
  2 merfolk impalers (Depths:3)
  6 jiangshi
  12 yaktaur captains
  2 great orbs of eyes
  7 ice dragons
  8 deep elf high priests
  4 hydras
  A quicksilver dragon skeleton (Crypt:3)
  A hell beast (D:7)
  A sphinx zombie (Vaults:4)
  41 vault guards
  3 ogre magi (Vaults:5)
  2 rakshasas
  2 peacekeepers
  A centaur warrior (D:11)
  4 spriggan air magi
  A spriggan skeleton (Crypt:3)
  5 anacondas
  3 ghost crabs (Swamp:4)
  9 alligators
  2 death knights (Crypt:2)
  28 dancing weapons
  4 naga warriors (Snake:4)
  A tengu warrior (Depths:3)
  7 ironbound frosthearts
  9 death scarabs (Tomb:1)
  3 two-headed ogres (Vaults:5)
  6 boulder beetles
  5 vampire magi
  The ghost of IdlyInterested the Blocker, a novice DsFi (D:11)
  A titan zombie (Crypt:3)
  2 death yaks (Lair:3)
  4 deep troll shamans
  5 spriggan berserkers
  9 deep troll earth magi
  4 naga sharpshooters
  3 soul eaters
  A sun demon (Hell)
  13 deep elf knights
  7 iron trolls
  3 shock serpents
  23 hell knights
  4 sixfirhies
  A titan skeleton (Tomb:1)
  31 skeletal warriors
  2 shadow wraiths (Crypt:2)
  2 skysharks (Depths:1)
  A salamander mystic (Snake:4)
  3 spriggan druids
  4 goliath frogs
  3 glowing orange brains
  7 arcanists
  A spark wasp zombie (Crypt:2)
  A bunyip zombie (Crypt:1)
  4 mana vipers
  2 flayed ghosts
  An anaconda zombie (Crypt:3)
  13 deep elf archers
  An orange crystal statue (Depths:4)
  3 spriggan riders
  5 swamp dragons
  56 deep trolls
  4 lindwurms
  An obsidian statue (D:13)
  3 alligator zombies
  8 bog bodies
  4 spectral hydras (Swamp:4)
  13 necromancers
  7 phantasmal warriors
  2 anaconda skeletons
  21 ironbound convokers
  2 naga ritualists
  2 spectral alligators (Swamp:4)
  25 deep elf zephyrmancers
  An orc knight (Vaults:5)
  3 sphinx simulacra (Depths:2)
  A goliath frog zombie (Crypt:1)
  34 deep elf pyromancers
  3 fauns (shapeshifter) (Vaults:5)
  A salamander (Snake:1)
  26 ugly things
  5 elephants (Lair:4)
  7 will-o-the-wisps
  11 moths of wrath
  A kobold blastminer (Orc:2)
  A guardian serpent (Snake:3)
  An eye of devastation (shapeshifter) (Depths:2)
  21 vault sentinels
  A rust devil (Zot:5)
  9 naga magi
  A stone giant skeleton (Crypt:1)
  An alligator skeleton (Crypt:3)
  14 black mambas
  2 dire elephant zombies (Crypt:3)
  4 cane toads
  A hellion (Zot:4)
  A rime drake (Lair:5)
  A dire elephant skeleton (Crypt:3)
  4 komodo dragons
  2 swamp worm zombies (Swamp:4)
  An ice devil (Depths:4)
  An anaconda simulacrum (IceCv)
  An efreet (D:15)
  4 freezing wraiths
  A grey draconian zombie (Crypt:1)
  16 yaktaurs
  5 guardian mummies (Tomb:1)
  A tengu conjurer (Depths:3)
  5 hydra zombies
  A bloated husk (Swamp:4)
  A polar bear (Lair:4)
  A tarantella (Vaults:3)
  A harpy skeleton (Crypt:3)
  A sun moth zombie (Crypt:2)
  8 tyrant leeches
  12 hornets
  A glass eye (Depths:3)
  2 blink frogs
  A fire dragon zombie (Crypt:3)
  A culicivora (Vaults:3)
  21 slime creatures
  A jumping spider (Vaults:3)
  2 nameless horrors
  10 water elementals
  A fire dragon skeleton (Crypt:2)
  9 spriggans
  A wyvern (Lair:4)
  2 wraiths
  2 yaks
  A fire elemental (Elf:2)
  A human (D:14)
  6 ushabtiu (Tomb:1)
  4 vampire mosquitoes
  3 basilisks
  A golden eye (shapeshifter) (Elf:1)
  6 tyrant leech zombies (Swamp:4)
  9 nagas
  8 swamp worms
  3 water moccasins
  A swamp drake (Swamp:2)
  3 orc warriors
  An ice beast (D:6)
  3 swamp dragon zombies (Swamp:4)
  37 laughing skulls
  A spriggan simulacrum (Depths:2)
  3 centaurs
  An ogre (Vaults:5)
  5 wolves
  A snapping turtle skeleton (Crypt:1)
  3 phantoms (Swamp:4)
  2 brain worms (Zot:5)
  A komodo dragon zombie (Crypt:1)
  3 bullfrogs
  3 necrophages (Crypt:3)
  A two-headed ogre simulacrum (IceCv)
  3 earth elementals
  3 wights
  A yak zombie (Crypt:1)
  4 killer bees (D:9)
  A howler monkey (D:11)
  A quasit (Zot:1)
  3 orc priests
  2 orc wizards (Orc:1)
  An acid dragon zombie (Crypt:1)
  A hound skeleton (Crypt:2)
  9 mummies (Tomb:1)
  2 adders
  A white imp (IceCv)
  An ufetubus (D:6)
  9 orcs
  A bat skeleton (Crypt:2)
  A river rat zombie (Crypt:2)
  A gnoll skeleton (Crypt:1)
  9 aspiring fleshes
  A spectral weapon (Elf:3)
1367 creatures vanquished.

Vanquished Creatures (others)
  A storm dragon (Depths:4)
  A draconian knight (Zot:1)
  6 spectral tentacled monstrosities
  A ghoul (Crypt:1)
  A Killer Klown zombie (Zot:5)
  An ettin (Depths:2)
  A yellow draconian (Zot:5)
  12 very ugly thing zombies
  A quicksilver dragon zombie (Zot:1)
  A rakshasa (Depths:2)
  5 sphinx zombies
  16 Orb Guardian zombies (Zot:5)
  An anaconda (Snake:1)
  4 spectral protean progenitors
  2 fire dragon zombies
  2 deep elf knights
  3 titan zombies (Vaults:5)
  9 storm dragon zombies
  8 golden dragon zombies
  6 anaconda zombies
  3 bunyip zombies
  A spectral daeva (Vaults:1)
  A spark wasp zombie (Depths:1)
  2 shadow dragon zombies (Zot:3)
  2 lightning spires (Depths:1)
  A ghost moth zombie (Zot:3)
  A deep elf zephyrmancer (Elf:1)
  An eleionoma zombie (Swamp:4)
  A goliath frog zombie (Swamp:1)
  A wolf spider zombie (D:15)
  16 ugly thing zombies
  2 frost giant zombies
  9 stone giant zombies
  3 fire giant zombies
  3 alligator zombies
  A salamander (Snake:4)
  A spectral blizzard demon (Depths:3)
  A will-o-the-wisp (Swamp:3)
  2 shock serpent zombies
  25 draconian zombies
  A vault sentinel (Vaults:5)
  2 formless jellyfish zombies
  7 mana viper zombies
  A catoblepas zombie (D:14)
  A spectral soul eater (Crypt:2)
  3 dire elephant zombies
  6 green draconian zombies
  8 yellow draconian zombies
  A red draconian zombie (Zot:1)
  10 white draconian zombies
  5 purple draconian zombies
  6 black draconian zombies
  3 swamp worm zombies
  2 iron troll zombies
  An unseen horror zombie (D:11)
  3 bloated husks
  5 moth of wrath zombies
  A great orb of eyes zombie (Vaults:4)
  2 hydra zombies
  3 ice dragon zombies
  3 merfolk zombies (Depths:3)
  A jumping spider zombie (Vaults:3)
  2 guardian serpent zombies (Snake:3)
  18 black mamba zombies
  3 ettin zombies
  A fire giant simulacrum (Depths:2)
  4 boulder beetle zombies
  2 humans (D:14)
  16 spriggan zombies
  11 slime creature zombies
  A spectral ice devil (IceCv)
  A spectral rust devil (Zot:1)
  2 tyrant leech zombies (Zot:5)
  A skyshark zombie (Lair:5)
  A tengu zombie (D:14)
  28 deep troll zombies
  A faun zombie (Vaults:5)
  A spectral hellion (Zot:4)
  5 two-headed ogre zombies
  3 cane toad zombies
  An entropy weaver zombie (Vaults:4)
  A spectral efreet (D:15)
  3 lindwurm zombies
  8 elephant zombies
  4 swamp dragon zombies
  5 hornet zombies
  75 elf zombies
  3 blink frog zombies
  4 phantoms (Swamp:4)
  15 yaktaur zombies
  4 komodo dragon zombies
  25 naga zombies
  4 salamander zombies
  3 wyvern zombies
  A hell hound zombie (Lair:5)
  3 water moccasin zombies
  9 yak zombies
  A troll zombie (Orc:2)
  A wolf zombie (Lair:4)
  6 bullfrog zombies
  83 human zombies
  5 centaur zombies
  An orc wizard (Orc:1)
  6 killer bee zombies (D:9)
  An ice beast zombie (D:6)
  A vine stalker zombie (D:12)
  10 ogre zombies
  A spectral quasit (Zot:1)
  3 howler monkey zombies
  An adder zombie (D:6)
  2 jelly zombies (Lair:4)
  43 orc zombies
  A spectral white imp (IceCv)
  4 gnoll zombies
  A hobgoblin zombie (D:9)
  3 kobold zombies (D:10)
  3 spectral ufetubi
  201 fire vortices
  29 foxfires
910 creatures vanquished.

Grand Total: 3175 creatures vanquished

Notes
Turn   | Place    | Note
-------+----------+-------------------------------------------
     0 | D:1      | cforsyth the Djinni Reaver began the quest for the Orb.
     0 | D:1      | cforsyth set off with the following spells memorised: Kiss
                  | of Death, Momentum Strike, Hailstorm.
     0 | D:1      | Reached XP level 1. HP: 18/18 MP: 0/0
   176 | D:1      | Reached XP level 2. HP: 23/23 MP: 0/0
   761 | D:2      | Reached XP level 3. HP: 29/29 MP: 0/0
   761 | D:2      | Learned a level 1 spell: Shock
  1227 | D:2      | Reached XP level 4. HP: 27/35 MP: 0/0
  1829 | D:2      | Reached XP level 5. HP: 30/41 MP: 0/0
  1829 | D:2      | Learned a level 2 spell: Blink
  2341 | D:3      | Found a runed translucent door.
  2344 | D:3      | Noticed Azoth's ghost (weakling DEHu)
  3259 | D:4      | Reached XP level 6. HP: 36/38 MP: 0/0
  3266 | D:4      | Noticed an ogre
  3585 | D:4      | Found a staircase to the Ecumenical Temple.
  3589 | D:4      | Reached skill level 5 in Fighting
  3619 | Temple   | Entered the Ecumenical Temple
  3634 | Temple   | Became a worshipper of Yredelemnul the Dark
  3684 | D:4      | Killed an ogre
  3685 | D:4      | Reached XP level 7. HP: 45/54 MP: 0/0
  3685 | D:4      | Learned a level 3 spell: Fugue of the Fallen
  3890 | D:4      | Noticed Menkaure
  3894 | D:4      | HP: 4/81 [??? (1)]
  3896 | D:4      | Killed Menkaure
  3897 | D:4      | Reached skill level 5 in Spellcasting
  3897 | D:4      | Reached skill level 5 in Conjurations
  3897 | D:4      | Reached skill level 5 in Hexes
  3897 | D:4      | Reached skill level 5 in Summonings
  3897 | D:4      | Reached skill level 5 in Necromancy
  3897 | D:4      | Reached skill level 5 in Translocations
  3897 | D:4      | Reached skill level 5 in Fire Magic
  3897 | D:4      | Reached skill level 5 in Ice Magic
  3897 | D:4      | Reached skill level 5 in Air Magic
  3897 | D:4      | Reached skill level 5 in Earth Magic
  3897 | D:4      | Reached skill level 5 in Alchemy
  4270 | D:4      | Reached * piety under Yredelemnul
  4464 | D:5      | Entered Level 5 of the Dungeon
  4729 | D:5      | Reached XP level 8. HP: 58/61 MP: 0/0
  4739 | D:5      | Reached ** piety under Yredelemnul
  4924 | D:5      | Reached *** piety under Yredelemnul
  5275 | D:6      | Found Mymnotu's Self-Improvement Boutique.
  5404 | D:6      | Found a runed translucent door.
  5404 | D:6      | Noticed IdlyInterested's ghost (novice DsGl)
  5698 | D:6      | Identified the +8 short sword "Jellybane" {heavy, rF+
                  | Dex+2}
  6288 | D:7      | Reached XP level 9. HP: 68/70 MP: 0/0
  6288 | D:7      | Learned a level 3 spell: Passwall
  8942 | D:9      | Reached XP level 10. HP: 64/78 MP: 0/0
  9000 | D:9      | Identified the +3 falchion of the World {freeze, Will+}
  9104 | D:9      | Reached skill level 10 in Fighting
  9673 | D:9      | Found a staircase to the Orcish Mines.
  9986 | D:9      | Found a bloodstained altar of Trog.
 10095 | D:10     | Entered Level 10 of the Dungeon
 10275 | D:10     | Found a staircase to the Lair.
 10583 | D:10     | Noticed a skeletal warrior
 10586 | D:10     | Noticed a skeletal warrior
 10887 | D:10     | Noticed a two-headed ogre
 10892 | D:10     | Killed a two-headed ogre
 11098 | D:10     | Noticed a skeletal warrior
 11223 | D:10     | Reached XP level 11. HP: 63/75 MP: 0/0
 11223 | D:10     | Learned a level 5 spell: Irradiate
 11340 | D:10     | Killed a skeletal warrior
 11341 | D:10     | Killed a skeletal warrior
 11349 | D:10     | Gained mutation: You are clumsy. (Dex -2) [mutagenic glow]
 11509 | D:10     | Killed a skeletal warrior
 12052 | Lair:1   | Entered Level 1 of the Lair of Beasts
 12384 | D:11     | Found a runed translucent gate.
 12384 | D:11     | Found a runed translucent gate.
 12384 | D:11     | Found an opulent altar of Gozag.
 12385 | D:11     | Found a runed translucent gate.
 12640 | D:11     | Noticed a cyclops
 12644 | D:11     | Killed a cyclops
 12846 | D:11     | You are sucked into a shaft and drop 2 floors!
 12907 | D:13     | Identified 2 scrolls of acquirement
 12907 | D:13     | Acquired 520 gold pieces
 12909 | D:13     | Acquired a +0 cloak of preservation
 12948 | D:13     | Found a runed translucent door.
 12957 | D:13     | Noticed an obsidian statue
 12957 | D:13     | Found a runed translucent door.
 12965 | D:13     | Noticed a two-headed ogre
 12965 | D:13     | Noticed an orc knight
 12966 | D:13     | Noticed a two-headed ogre
 12982 | D:13     | Found a frozen archway.
 13006 | IceCv    | Entered an ice cave
 13124 | IceCv    | Reached skill level 10 in Spellcasting
 13124 | IceCv    | Reached skill level 10 in Conjurations
 13124 | IceCv    | Reached skill level 10 in Hexes
 13124 | IceCv    | Reached skill level 10 in Summonings
 13124 | IceCv    | Reached skill level 10 in Necromancy
 13124 | IceCv    | Reached skill level 10 in Translocations
 13124 | IceCv    | Reached skill level 10 in Fire Magic
 13124 | IceCv    | Reached skill level 10 in Ice Magic
 13124 | IceCv    | Reached skill level 10 in Air Magic
 13124 | IceCv    | Reached skill level 10 in Earth Magic
 13124 | IceCv    | Reached skill level 10 in Alchemy
 14183 | IceCv    | Noticed a white ugly thing
 14519 | IceCv    | Gained mutation: Your spells are a little easier to cast,
                  | but a little less powerful. [mutagenic glow]
 14606 | IceCv    | Killed a purple ugly thing
 14607 | IceCv    | Reached XP level 12. HP: 30/98 MP: 0/0
 14831 | IceCv    | HP: 4/98 [constriction (2)]
 16871 | D:13     | Killed a two-headed ogre
 16945 | D:13     | Noticed a skeletal warrior
 16952 | D:13     | Noticed a skeletal warrior
 16955 | D:13     | Noticed a skeletal warrior
 17411 | D:12     | Noticed Maurice
 17416 | D:12     | Killed Maurice
 17453 | D:12     | Your ally Maurice died
 17506 | D:12     | HP: 2/100 [troll (10)]
 18311 | D:11     | Noticed a centaur warrior
 18312 | D:11     | Noticed IdlyInterested's ghost (novice DsFi)
 19645 | D:12     | Reached XP level 13. HP: 70/106 MP: 0/0
 19645 | D:12     | Learned a level 5 spell: Arcjolt
 20270 | D:12     | Reached skill level 15 in Fighting
 20740 | D:13     | Found a runed translucent door.
 20768 | D:13     | Found a runed translucent door.
 25154 | Lair:2   | Found a staircase to the Swamp.
 25303 | Lair:2   | Found a staircase to the Snake Pit.
 25410 | Lair:2   | Reached XP level 14. HP: 108/117 MP: 0/0
 26553 | Lair:2   | Noticed Urug
 26560 | Lair:2   | Killed Urug
 29371 | Lair:3   | Identified the +0 leather armour of Life {Harm rC+ rCorr}
 29571 | Lair:3   | Reached **** piety under Yredelemnul
 30432 | Lair:4   | Found a staircase to the Slime Pits.
 30497 | Lair:4   | Found a viscous altar of Jiyva.
 31080 | Lair:4   | Reached ***** piety under Yredelemnul
 31483 | Lair:4   | Reached ****** piety under Yredelemnul
 32139 | Lair:5   | Entered Level 5 of the Lair of Beasts
 32481 | Lair:5   | Reached XP level 15. HP: 66/126 MP: 0/0
 32481 | Lair:5   | Learned a level 6 spell: Starburst
 36161 | Lair:5   | Found a large runed translucent door.
 36161 | Lair:5   | Found a large runed translucent door.
 36171 | Lair:5   | HP: 5/127 [black mamba (10)]
 37120 | Orc:1    | Entered Level 1 of the Orcish Mines
 37933 | Orc:2    | Entered Level 2 of the Orcish Mines
 37951 | Orc:2    | Found a staircase to the Elven Halls.
 38287 | Orc:2    | HP: 4/128 [warg[an orc knight] (15)]
 39737 | Orc:2    | Noticed Jorgrun
 40021 | Orc:1    | Killed Jorgrun
 42644 | Orc:2    | Found Voafiaho's General Store.
 42644 | Orc:2    | Found Mipsesh's Assorted Antiques.
 42646 | Orc:2    | Found Gulydosm's Antique Armour Shoppe.
 42648 | Orc:2    | Found Keent's Jewellery Boutique.
 42652 | Orc:2    | Bought a scroll labelled UMURCH CAASYNU for 27 gold pieces
 42652 | Orc:2    | Bought a scroll labelled UMURCH CAASYNU for 27 gold pieces
 42652 | Orc:2    | Bought a scroll of identify for 54 gold pieces
 42652 | Orc:2    | Bought a scroll of identify for 54 gold pieces
 43421 | Orc:1    | Reached skill level 15 in Spellcasting
 43421 | Orc:1    | Reached skill level 15 in Conjurations
 43421 | Orc:1    | Reached skill level 15 in Hexes
 43421 | Orc:1    | Reached skill level 15 in Summonings
 43421 | Orc:1    | Reached skill level 15 in Necromancy
 43421 | Orc:1    | Reached skill level 15 in Translocations
 43421 | Orc:1    | Reached skill level 15 in Fire Magic
 43421 | Orc:1    | Reached skill level 15 in Ice Magic
 43421 | Orc:1    | Reached skill level 15 in Air Magic
 43421 | Orc:1    | Reached skill level 15 in Earth Magic
 43421 | Orc:1    | Reached skill level 15 in Alchemy
 43996 | D:6      | Bought a manual of Armour for 1120 gold pieces
 44110 | D:3      | Killed Azoth's ghost
 44258 | D:6      | Killed IdlyInterested's ghost
 45195 | D:13     | Reached XP level 16. HP: 116/136 MP: 0/0
 46117 | D:14     | Found a flickering gateway to a bazaar.
 46123 | Bazaar   | Entered a bazaar
 46123 | Bazaar   | Found Zeottuw's Magic Scroll Boutique.
 46123 | Bazaar   | Found Firoakhla's Assorted Antiques.
 46123 | Bazaar   | Found Sidwuycw's Weapon Shop.
 46123 | Bazaar   | Found Archod's Armour Shop.
 46123 | Bazaar   | Found Cuocuq's Antique Armour Boutique.
 46274 | Bazaar   | Bought a scroll labelled IGA UTOTTESURY for 21 gold pieces
 46290 | Bazaar   | Bought a scroll of teleportation for 63 gold pieces
 46290 | Bazaar   | Bought a potion of haste for 210 gold pieces
 46297 | Bazaar   | Bought a runed cloak for 210 gold pieces
 46301 | Bazaar   | Bought a scroll of identify for 22 gold pieces
 46301 | Bazaar   | Bought a scroll of teleportation for 33 gold pieces
 46307 | Bazaar   | Bought a scroll of identify for 42 gold pieces
 46307 | Bazaar   | Bought a scroll of identify for 42 gold pieces
 46311 | Bazaar   | Bought the +3 hand axe of the Fabulous God {elec, rElec
                  | rPois rC+} for 429 gold pieces
 48232 | D:14     | Identified the +8 morningstar of the Eight Eyes {elec, rN+
                  | rCorr}
 49553 | D:14     | Identified the +0 scale mail of Imothreh {Rampage}
 49556 | D:14     | Identified the +7 quarterstaff of Karma {venom, *Slow
                  | ^Fragile Str+3 Dex+8}
 50061 | D:14     | Found a gate to the Vaults.
 50115 | D:15     | Entered Level 15 of the Dungeon
 50129 | D:15     | Found Jelowasu's Demolitions Depot.
 51076 | D:15     | Found a staircase to the Depths.
 51445 | D:15     | Found a shadowy altar of Dithmenos.
 51874 | Snake:1  | Entered Level 1 of the Snake Pit
 52250 | Snake:1  | Reached XP level 17. HP: 90/144 MP: 0/0
 52250 | Snake:1  | Learned a level 6 spell: Death Channel
 52479 | Snake:1  | Found Vibb's Antique Armour Boutique.
 52488 | Snake:1  | Bought a warped leather armour for 168 gold pieces
 52488 | Snake:1  | Identified the +1 leather armour of the Lair of Beasts {rF-
                  | rC- Will+ Int+6} (You bought it in a shop on level 1 of the
                  | Snake Pit)
 56095 | Snake:2  | Found Qeutiych's Assorted Antiques.
 56103 | Snake:2  | Bought a heavily runed scale mail for 252 gold pieces
 56103 | Snake:2  | Identified the +0 scale mail of Ignis's Envy {Str+7} (You
                  | bought it in a shop on level 2 of the Snake Pit)
 56945 | Snake:2  | Identified the +8 falchion of Gallantry {pain, Dex+3}
 57090 | Snake:2  | Found Syinnuqe's Jewellery Emporium.
 57382 | Snake:2  | Found Imeladdo's Assorted Antiques.
 57407 | Snake:2  | Bought a scroll labelled JOEPTO QARAPA for 43 gold pieces
 58112 | Snake:3  | Noticed Vashnia
 59516 | Snake:3  | Found a transporter.
 59521 | Snake:3  | Reached XP level 18. HP: 123/153 MP: 0/0
 59808 | Snake:3  | Found Jicur's Jewellery Emporium.
 60121 | Snake:3  | Found Buiw's General Store.
 60123 | Snake:3  | Found Duof's Distillery.
 60134 | Snake:4  | Entered Level 4 of the Snake Pit
 60523 | Snake:4  | Identified the ring of the Beastly God {*Slow rC++ rCorr
                  | Dex+4 Slay+3}
 60615 | Snake:4  | Found Quj Lias's Jewellery Boutique.
 62719 | Snake:4  | Gained mutation: Your health recovers twice as slowly from
                  | being drained. [mutagenic glow]
 64744 | Snake:3  | Found a transporter.
 64747 | Snake:3  | Found the +8 lance "Wyrmbane" {slay drac, rPois rF+ rC+
                  | AC+3}
 65106 | Snake:3  | Killed Vashnia
 67776 | Snake:4  | Got a serpentine rune of Zot
 67949 | Swamp:1  | Entered Level 1 of the Swamp
 68095 | Swamp:1  | Noticed Frances
 68834 | Swamp:1  | Killed Frances
 69465 | Swamp:1  | Reached XP level 19. HP: 65/160 MP: 0/0
 69465 | Swamp:1  | Learned a level 7 spell: Summon Hydra
 70409 | Swamp:2  | Found a transporter.
 70438 | Swamp:2  | Found a transporter.
 70920 | Swamp:3  | Noticed Nikola
 70939 | Swamp:2  | Killed Nikola
 72755 | Swamp:4  | Entered Level 4 of the Swamp
 73610 | Swamp:4  | Noticed Roxanne
 73935 | Swamp:4  | Killed Roxanne
 77723 | Swamp:4  | Noticed a bone dragon
 77884 | Swamp:4  | Killed a bone dragon
 78205 | Swamp:4  | Got a decaying rune of Zot
 78375 | D:11     | Killed IdlyInterested's ghost
 79104 | Vaults:1 | Entered Level 1 of the Vaults
 79432 | Vaults:1 | Reached XP level 20. HP: 137/168 MP: 0/0
 79542 | Vaults:1 | Found a runed translucent gate.
 79542 | Vaults:1 | Found a runed translucent gate.
 79543 | Vaults:1 | Found a runed translucent gate.
 83406 | Vaults:2 | Noticed Mara
 83449 | Vaults:2 | Noticed cforsyth's illusion
 83861 | Vaults:1 | Noticed cforsyth's illusion
 84181 | Vaults:1 | Noticed cforsyth's illusion
 84188 | Vaults:1 | Killed Mara
 87208 | Vaults:2 | Reached XP level 21. HP: 146/176 MP: 0/0
 87208 | Vaults:2 | Learned a level 8 spell: Maxwell's Capacitive Coupling
 87623 | Vaults:2 | Identified the +4 ring mail of the Leaf {Fly rF+ Int-5
                  | Dex+4}
 89124 | Vaults:3 | Noticed a bone dragon
 89148 | Vaults:3 | Killed a bone dragon
 89217 | Vaults:3 | Found a staircase to the Crypt.
 90256 | Vaults:3 | Acquired 1265 gold pieces
 90261 | Vaults:3 | Acquired the amulet of Day {Faith rElec Regen+ MP-9 Dex+6}
 90390 | Vaults:3 | Found Biafrueh's Antique Armour Boutique.
 90397 | Vaults:3 | Bought a jewelled ring mail for 207 gold pieces
 90397 | Vaults:3 | Identified the +1 ring mail of Festooned Freedom {rC+} (You
                  | bought it in a shop on level 3 of the Vaults)
 90397 | Vaults:3 | Bought a glowing leather armour for 115 gold pieces
 90397 | Vaults:3 | Bought a shiny buckler for 172 gold pieces
 90589 | Vaults:3 | Reached skill level 1 in Shields
 91227 | Vaults:3 | Identified the +4 scale mail of the King of the Hill {rN+
                  | rCorr Dex-5}
 91667 | Vaults:4 | Identified the +4 plate armour of the Well-Known Curses
                  | {rN+}
 91991 | Vaults:4 | Reached skill level 5 in Dodging
 92046 | Vaults:4 | Reached XP level 22. HP: 150/184 MP: 0/0
 92571 | Vaults:4 | Reached skill level 5 in Shields
 93568 | Vaults:1 | Found a glowing golden altar of the Shining One.
 94029 | Swamp:2  | Identified the ring "Mesiukom" {rC++ MP+9}
 94037 | Swamp:2  | Identified the +0 pair of boots of the Locust {Regen+ Str+3
                  | Slay+2}
 94201 | Snake:3  | Gained mutation: You do not regenerate when monsters are
                  | visible. [mutagenic glow]
 94544 | Snake:3  | Identified the ring "Cioturi" {Fly rPois Int+4 Dex-3}
 94562 | Snake:3  | Identified the ring "Daufej" {^Contam rElec rC+ rN+ SInv}
 94818 | Elf:1    | Entered Level 1 of the Elven Halls
 94819 | Elf:1    | Lost mutation: You are clumsy. (Dex -2) [potion of
                  | mutation]
 94819 | Elf:1    | Lost mutation: Your spells are a little easier to cast, but
                  | a little less powerful. [potion of mutation]
 94819 | Elf:1    | Lost mutation: You do not regenerate when monsters are
                  | visible. [potion of mutation]
 94819 | Elf:1    | Gained mutation: You occasionally lose the ability to read
                  | scrolls when taking damage. [potion of mutation]
 94819 | Elf:1    | Gained mutation: You are partially covered in iridescent
                  | scales. (AC +2) [potion of mutation]
 94819 | Elf:1    | Gained mutation: Your flesh is almost immune to the effects
                  | of heat. (rF+++) [potion of mutation]
 94820 | Elf:1    | Lost mutation: You are partially covered in iridescent
                  | scales. (AC +2) [potion of mutation]
 94820 | Elf:1    | Lost mutation: Your flesh is almost immune to the effects
                  | of heat. (rF+++) [potion of mutation]
 94820 | Elf:1    | Lost mutation: You occasionally lose the ability to read
                  | scrolls when taking damage. [potion of mutation]
 94820 | Elf:1    | Gained mutation: Your body sometimes deteriorates upon
                  | taking damage. [potion of mutation]
 94820 | Elf:1    | Gained mutation: You are somewhat resistant to further
                  | mutation. [potion of mutation]
 94820 | Elf:1    | Gained mutation: You are partially covered in iridescent
                  | scales. (AC +2) [potion of mutation]
 95282 | Elf:1    | Found Fekletsyb's Antique Weapon Shop.
 95437 | Elf:1    | Reached skill level 1 in Armour
 96525 | Elf:2    | Found a runed translucent gate.
 96526 | Elf:2    | Found a runed translucent gate.
 96527 | Elf:2    | Found a runed translucent gate.
 96884 | Elf:2    | Found Niriurch's Book Shop.
 96884 | Elf:2    | Found Suatoita's Jewellery Shoppe.
 96885 | Elf:2    | Found Siorph's Jewellery Shoppe.
 98159 | Elf:2    | Reached XP level 23. HP: 170/190 MP: 0/0
 98159 | Elf:2    | Learned a level 8 spell: Summon Horrible Things
 98166 | Elf:2    | Reached skill level 5 in Armour
 98861 | Elf:3    | Entered Level 3 of the Elven Halls
 99838 | Elf:3    | Identified the +9 morningstar of Desertification {spect,
                  | *Slow rF+ rN+ rCorr Str+2}
100232 | Elf:3    | Identified the +7 hand axe of Omeaseoh {antimagic, Int+3
                  | SInv Stlth+}
100232 | Elf:3    | Identified the amulet of the Byakko {Spirit *Corrode Fly
                  | rF+}
100407 | Elf:3    | Identified the +5 quarterstaff of Nolaus {speed, rElec
                  | rCorr Str+2 Int-4}
101123 | Elf:3    | Identified the staff "Beetleslayer" {rF+ Str-4 Int+3 Fire}
101147 | Elf:3    | Found the +9 scales of the Dragon King {rPois rF+ rC+
                  | Will+}
102136 | Crypt:1  | Entered Level 1 of the Crypt
102388 | Crypt:1  | Noticed Xtahua
102394 | Crypt:1  | Reached skill level 10 in Dodging
102400 | Crypt:1  | Killed Xtahua
102739 | Crypt:1  | Your ally Xtahua died
103712 | Crypt:2  | Identified the +7 falchion "Ciroakh" {freeze, rF+}
103876 | Crypt:2  | Found a basalt altar of Yredelemnul.
103920 | Crypt:2  | Noticed Bai Suzhen
103949 | Crypt:2  | Killed Bai Suzhen
103950 | Crypt:2  | Reached XP level 24. HP: 149/194 MP: 0/0
103983 | Crypt:2  | Reached skill level 10 in Shields
104195 | Crypt:2  | Identified the +0 plate armour "Udist" {*Slow rN+ Dex+4}
104220 | Crypt:2  | Identified the +1 scale mail of Panentheism {Will+}
104453 | Crypt:3  | Entered Level 3 of the Crypt
106826 | Crypt:3  | Found a basalt altar of Yredelemnul.
106826 | Crypt:3  | Noticed a dread lich
106837 | Crypt:3  | Killed a dread lich
106887 | Crypt:3  | Identified the staff of Xynar {rC+ rCorr Int+4 Hexes Ice}
107345 | Crypt:3  | Found a staircase to the Tomb.
107653 | Tomb:1   | Entered Level 1 of the Tomb of the Ancients
108864 | Depths:1 | Entered Level 1 of the Depths
108993 | Depths:1 | Reached XP level 25. HP: 125/199 MP: 0/0
108993 | Depths:1 | Learned a level 9 spell: Chain Lightning
108995 | Depths:1 | Noticed Norris
109013 | Depths:1 | Killed Norris
109455 | Depths:1 | Found Hioschic's Humungous Hoard.
109469 | Depths:1 | Bought a potion of haste for 170 gold pieces
109469 | Depths:1 | Bought a potion of heal wounds for 85 gold pieces
109647 | Depths:1 | Found a one-way gateway to a ziggurat.
109763 | Depths:1 | Found a gateway to Hell.
109794 | Depths:1 | Found a runed translucent door.
110601 | Depths:2 | Identified the ring of Eternal Harmony {Ice rElec Str+5
                  | Slay-5}
110601 | Depths:2 | Noticed Josephina
110621 | Depths:2 | Killed Josephina
110696 | Depths:2 | Found a one-way gate leading to the halls of Pandemonium.
111338 | Depths:3 | Found a one-way gate to the infinite horrors of the Abyss.
111517 | Depths:3 | Reached skill level 15 in Dodging
111924 | Depths:3 | Found a portal to a secret trove of treasure.
112391 | Depths:4 | Entered Level 4 of the Depths
112401 | Depths:4 | Reached XP level 26. HP: 169/210 MP: 0/0
112812 | Depths:4 | Found Calytopp's Armour Boutique.
114071 | Depths:4 | Found a gate to the Realm of Zot.
114095 | Depths:4 | Lost mutation: Your body sometimes deteriorates upon taking
                  | damage. [potion of mutation]
114095 | Depths:4 | Lost mutation: Your health recovers twice as slowly from
                  | being drained. [potion of mutation]
114095 | Depths:4 | Lost mutation: You are somewhat resistant to further
                  | mutation. [potion of mutation]
114129 | Hell     | Entered the Vestibule of Hell
114129 | Hell     | Noticed Geryon
114679 | Vaults:5 | Entered Level 5 of the Vaults
116340 | Vaults:5 | Reached skill level 10 in Armour
117282 | Vaults:5 | Noticed an ancient lich
117291 | Vaults:5 | Killed an ancient lich
117461 | Vaults:5 | Reached XP level 27. HP: 66/216 MP: 0/0
117461 | Vaults:5 | Learned a level 9 spell: Fire Storm
117760 | Vaults:5 | Noticed an ancient lich
117858 | Vaults:5 | Killed an ancient lich
118068 | Vaults:5 | Identified the staff of the Magi {rN+ Will+ rCorr Necro
                  | Fire}
118192 | Vaults:5 | Reached skill level 15 in Shields
118615 | Vaults:5 | Found Xoepaz's Magic Scroll Shop.
118623 | Vaults:5 | Bought a scroll of teleportation for 63 gold pieces
118623 | Vaults:5 | Bought a scroll of teleportation for 63 gold pieces
118623 | Vaults:5 | Bought a scroll of enchant armour for 157 gold pieces
118623 | Vaults:5 | Bought a scroll of enchant armour for 157 gold pieces
118775 | Vaults:5 | Identified the +0 dagger of Diet Blood {flame, Will- rCorr
                  | Dex+9 SInv}
118848 | Vaults:5 | Got a silver rune of Zot
119405 | Zot:1    | Entered Level 1 of the Realm of Zot
121565 | Zot:2    | Reached skill level 27 in Alchemy
123644 | Zot:3    | Reached skill level 27 in Spellcasting
123644 | Zot:3    | Reached skill level 27 in Conjurations
123644 | Zot:3    | Reached skill level 27 in Hexes
123644 | Zot:3    | Reached skill level 27 in Summonings
123644 | Zot:3    | Reached skill level 27 in Necromancy
123644 | Zot:3    | Reached skill level 27 in Translocations
123644 | Zot:3    | Reached skill level 27 in Fire Magic
123644 | Zot:3    | Reached skill level 27 in Ice Magic
123644 | Zot:3    | Reached skill level 27 in Air Magic
123644 | Zot:3    | Reached skill level 27 in Earth Magic
124295 | Zot:3    | Identified the +1 leather armour of the Arcane {rF- Regen+
                  | Int+2}
125287 | Zot:4    | Identified the +6 flail "Irodoid" {freeze, rElec rF+ Dex+4}
125888 | Zot:4    | Reached skill level 15 in Armour
126173 | Zot:4    | Identified the +4 great sword of Aruw {freeze, rElec Str+5}
126400 | Zot:5    | Entered Level 5 of the Realm of Zot
126684 | Zot:5    | Noticed an orb of fire
126686 | Zot:5    | Noticed a dread lich
126687 | Zot:5    | Noticed a Killer Klown
126731 | Zot:5    | Noticed an ancient lich
126732 | Zot:5    | Noticed an orb of fire
127660 | Zot:5    | Killed an orb of fire
127749 | Zot:5    | Killed a Killer Klown
127772 | Zot:5    | Killed a dread lich
127775 | Zot:5    | Noticed an ancient lich
127778 | Zot:5    | Killed an ancient lich
127870 | Zot:5    | Killed an orb of fire
127877 | Zot:5    | Noticed an ancient lich
127881 | Zot:5    | Killed an ancient lich
127909 | Zot:5    | Killed an ancient lich
128095 | Zot:5    | Noticed a Killer Klown
128098 | Zot:5    | Killed a Killer Klown
128126 | Zot:5    | Noticed a Killer Klown
128135 | Zot:5    | Killed a Killer Klown
128258 | Zot:5    | Noticed an orb of fire
128258 | Zot:5    | Noticed an ancient lich
128258 | Zot:5    | Gained mutation: You occasionally lose the ability to read
                  | scrolls when taking damage. [an orb of fire]
128288 | Zot:5    | Killed an ancient lich
128289 | Zot:5    | Killed an orb of fire
128384 | Zot:5    | Noticed an ancient lich
128388 | Zot:5    | Killed an ancient lich
128569 | Zot:5    | Noticed a Killer Klown
128574 | Zot:5    | Killed a Killer Klown
129248 | Zot:5    | Got the Orb of Zot
129337 | Zot:4    | Noticed Qoqujuuch the pandemonium lord
129346 | Zot:4    | Killed Qoqujuuch the pandemonium lord
129445 | Zot:1    | Noticed Rihoig Amme the pandemonium lord
129451 | Zot:1    | Killed Rihoig Amme the pandemonium lord
129902 | D:$      | Escaped with the Orb!

Illustrated notes

Levels and vault maps discovered:
D:1:      scummos_arrival_hexagon, layout_basic
D:2:      layout_basic, minmay_misc_feat_rugged
D:3:      layout_loops_corners, gammafunk_ghost_grave
D:4:      layout_loops_ring, minmay_temple_entry_mist, uniq_menkaure
D:5:      layout_cave_pools
D:6:      layout_loops_ring, hellmonk_ghost_happy_afterlife,
          hangedman_glass_teeth, nicolae_shop_self_help
D:7:      layout_loops_corners
D:8:      layout_cave_pools
D:9:      layout_grid_maze, trog_hazing_becter, orc_0_dummy
D:10:     layout_stronghold, dpeg_oklobed_lair, serial_bayou_pond_c,
          minivault_27, corexii_leaking_fountain, dk_vineyard_3
D:11:     layout_loops_corners, ebering_ghost_gozag
D:12:     layout_loops_ring, serial_co_window_serial, co_window_corner_a,
          co_window_corner_a, co_window_of_opportunity_a, co_window_paths_a,
          co_window_corner_a, co_window_cross_2, co_window_paths_c,
          co_window_corner_b, co_window_2corner, co_window_2corner,
          co_window_paths_c, glass_columns_b, uniq_maurice
D:13:     layout_gridville, portal_ice_cave_entry_pillars_2,
          minmay_statue_crystal_thing
D:14:     minmay_the_grid_triangle_9x9_recursive_2_mashed
          [minmay_the_grid_triangle_9x9_prize_center,
          minmay_the_grid_triangle_9x9_descending_squares,
          minmay_the_grid_triangle_9x9_from_above,
          minmay_the_grid_triangle_9x9_sprig], layout_small_grid,
          ximxim_vaults_locker_room, corexii_corridor_pit, serial_shops,
          bzr_entry_gold
D:15:     hellmonk_depths_entry_around_the_bend, layout_gridville,
          minmay_misc_feat_rows, nicolae_blasting_shop, grunt_dithmenos_shadows
Temple:   compressed_dpeg_triangle_lava_temple
Lair:1:   layout_layer_cave
Lair:2:   layout_cave_pods, skrybe_swamp_entry_bodies,
          minmay_snake_entry_six_corridors, dreamdust_gnoll_shepherd, uniq_urug
Lair:3:   layout_hall_layers, grunt_megastairs_1
Lair:4:   layout_cave_pods, nicolae_slime_entry_field_trip,
          nicolae_quartered_pool_impasse, serial_bayou_shore_a,
          grunt_megastairs_5
Lair:5:   cheibrodos_lair_end_hotspot, layout_small_grid
Swamp:1:  layout_basic_swamp, evilmike_swamp_ruin_house_4,
          infiniplex_staircase_pool_2, uniq_frances
Swamp:2:  gammafunk_worm_tunnel, layout_basic_swamp, evilmike_swamp_ruin_house_1
Swamp:3:  layout_falls_marsh, evilmike_swamp_ruin_house_3, swamp_pool_1_2,
          uniq_nikola
Swamp:4:  swamp_pestilence, layout_basic_swamp, uniq_roxanne
Snake:1:  layout_grid_maze, serial_shops, nicolae_square_shop
Snake:2:  layout_grid_shapes, serial_shops, shop, nicolae_shop_hallway_plus,
          nicolae_shop_waterfront, st_stairs_13,
          nicolae_snake_snakes_in_the_grass
Snake:3:  gammafunk_its_a_trap, layout_layer_cave, serial_shops, shop,
          minmay_shoptagon, uniq_vashnia
Snake:4:  snake_pit, layout_cave_town, serial_shops, nicolae_shop_tiny_glass,
          lemuel_fruit_tree
Orc:1:    layout_caves
Orc:2:    st_orc_rangers, layout_diamond_mine, uniq_jorgrun
Elf:1:    eino_elf_arrival_shootout, layout_geoelf_diagonals, serial_shops,
          shop, minmay_elf_annihilation
Elf:2:    nicolae_elf_blades_splatter_lattice
          [nicolae_blade_entry_diamond_columns], layout_geoelf_octagon,
          basic_altar, minmay_shop_grove
Elf:3:    minmay_elf_hall_furrowed, layout_loops_cross, minmay_elf_sorcery
Vaults:1: nicolae_vaults_double_plus_3, nicolae_vaults_circle_grid_a,
          nicolae_vaults_octothorpe, ontoclasm_vaults_chip, vaults_dpeg_doors,
          v_misc_9, abrahamwl_protected_by_tso_3, nicolae_vaults_angled_halls,
          nicolae_vaults_closet_pinwheel_3, nicolae_vaults_octothorpe,
          nicolae_vaults_trapezoid_3, v_misc_9, layout_vaults_omnibox
Vaults:2: nicolae_vaults_back_hallway, v_misc_23,
          nicolae_vaults_ring_of_whatevers, nicolae_vaults_trapezoid_2,
          nicolae_vaults_little_squares_2, nicolae_vaults_storage_room_statues,
          vaults_dpeg_emergency_exit, nicolae_vaults_storage_closets_1,
          v_pattern_2, st_hourglassy, nicolae_vaults_diamond_1,
          nicolae_vaults_ring_of_whatevers, ontoclasm_vaults_chip,
          layout_vaults_omnicross, uniq_mara
Vaults:3: minmay_crypt_entry_nasty_monster, hangedman_vaults_slice, v_misc_2,
          vaults_room_ringed_pool, nicolae_vaults_apartment_2, v_misc_28,
          ontoclasm_vaults_loading_screen, vaults_mumra_hexcomb, v_misc_2,
          ontoclasm_vaults_loading_screen, layout_vaults_omnigrid, serial_shops,
          shop_fountains
Vaults:4: vaults_standard_mumra_enter_the_diamond,
          nicolae_vaults_disjoint_gnomons, hangedman_vaults_corner,
          nicolae_vaults_alarming, nicolae_vaults_offset_grid_hallway_3,
          nicolae_vaults_more_shelving_2, grunt_vaults_trifunnel,
          ontoclasm_vaults_hangar, ontoclasm_vaults_loading_screen,
          nicolae_vaults_apartment_1, nicolae_vaults_library_corner,
          grunt_vaults_hallway_short, nicolae_vaults_tetromino_Z_1,
          layout_vaults_chaotic_city
Vaults:5: serial_shops
Crypt:1:  layout_chaotic_city, grunt_ministairs_7, grunt_crypt_arrival_webbed,
          uniq_xtahua
Crypt:2:  layout_misc_corridors, basic_altar, palyth_stone_intersect,
          lemuel_elevator, uniq_bai_suzhen
Crypt:3:  cryptofortress_bobbens
Tomb:1
Depths:1: layout_roguey, enter_ziggurat_b, hell_entry, nicolae_alphabet_shops,
          minmay_misc_feat_secret_circle, minmay_misc_feat_nine_boxes,
          hangedman_aerie_drop, serial_bayou_shore_b, uniq_norris
Depths:2: grunt_twist_and_shout, layout_gridlike, pf_dread_powers_of_hell,
          grunt_pan_entry_spiral, chequers_serial_rivers_marsh,
          minmay_staircase_statues, uniq_josephina
Depths:3: nicolae_moon_pools, layout_gridlike, nicolae_trove_entry_columns,
          hangedman_coc_ice_floe, abyss_entry, infiniplex_staircase_x
Depths:4: grunt_zot_entry_bicorn, layout_cave_shapes, grunt_decor_mini_mirrors,
          serial_shops, nicolae_shop_tiny_glass, hell_entry, minivault_16,
          chequers_jeans, serial_bayou_shore_b
Hell
Zot:1:    layout_twisted_circle, grunt_ministairs_13
Zot:2:    layout_misc_corridors, bh_zot_levy_curve
Zot:3:    layout_onion, regret_index_zotdec_twisting_globes
Zot:4:    layout_onion, hangedman_hellfire_club, grunt_megastairs_3
Zot:5:    layout_cellular_growth

Skill      XL: |  1  2  3  4  5  6  7  8  9 10 11 12 13 14 15 16 17 18 19 20 21 22 23 24 25 26 27 |
---------------+----------------------------------------------------------------------------------+-----
Spellcasting   | 3 4 5 6 7 9 10 11 12 14 15 16 17 19 20 21 22 23 24 25 27 | 27.0
Conjurations   | 3 4 5 6 7 9 10 11 12 14 15 16 17 19 20 21 22 23 24 25 27 | 27.0
Hexes          | 3 4 5 6 7 9 10 11 12 14 15 16 17 19 20 21 22 23 24 25 27 | 27.0
Summonings     | 3 4 5 6 7 9 10 11 12 14 15 16 17 19 20 21 22 23 24 25 27 | 27.0
Necromancy     | 3 4 5 6 7 9 10 11 12 14 15 16 17 19 20 21 22 23 24 25 27 | 27.0
Translocations | 3 4 5 6 7 9 10 11 12 14 15 16 17 19 20 21 22 23 24 25 27 | 27.0
Fire Magic     | 3 4 5 6 7 9 10 11 12 14 15 16 17 19 20 21 22 23 24 25 27 | 27.0
Ice Magic      | 3 4 5 6 7 9 10 11 12 14 15 16 17 19 20 21 22 23 24 25 27 | 27.0
Air Magic      | 3 4 5 6 7 9 10 11 12 14 15 16 17 19 20 21 22 23 24 25 27 | 27.0
Earth Magic    | 3 4 5 6 7 9 10 11 12 14 15 16 17 19 20 21 22 23 24 25 27 | 27.0
Alchemy        | 3 4 5 6 7 9 10 11 12 14 15 16 17 19 20 21 22 23 24 25 27 | 27.0
Fighting       | 3 4 5 6 7 9 11 13 14 16 18 19 20 21 22 23 25 | 25.2
Shields        | 3 7 9 12 13 14 15 | 15.0
Dodging        | 5 8 10 13 15 16 19 | 19.1
Armour         | 4 5 8 12 17 | 17.0
Short Blades   | |  2.6

Action                     |  1- 3 |  4- 6 |  7- 9 | 10-12 | 13-15 | 16-18 | 19-21 | 22-24 | 25-27 || total
---------------------------+-------+-------+-------+-------+-------+-------+-------+-------+-------++-------
  Melee: Short sword       |    18 |       |    85 |    24 |       |       |       |       |       ||   127
         Dagger            |    55 |    63 |    98 |       |       |       |       |       |       ||   216
         Punch             |       |     2 |     2 |       |     5 |     5 |     1 |       |       ||    15
         Falchion          |       |       |       |    92 |   268 |     3 |       |       |       ||   363
         Hand axe          |       |       |       |       |       |   151 |    46 |     7 |       ||   204
         Lance             |       |       |       |       |       |       |       |    40 |    18 ||    58
   Cast: Shock             |     4 |    23 |    70 |   137 |   297 |   182 |     1 |     1 |     2 ||   717
         Hailstorm         |     1 |    12 |     6 |    24 |   115 |    62 |       |       |       ||   220
         Kiss of Death     |       |     2 |       |     4 |       |       |       |       |       ||     6
         Momentum Strike   |       |     2 |    32 |    59 |    22 |     8 |     6 |     4 |     1 ||   134
         Blink             |       |       |       |     4 |     4 |       |       |       |       ||     8
         Irradiate         |       |       |       |    53 |   108 |    86 |    12 |     4 |     2 ||   265
         Arcjolt           |       |       |       |       |    90 |   137 |     3 |       |       ||   230
         Starburst         |       |       |       |       |     1 |   107 |     5 |     5 |       ||   118
         Fugue of the Fall |       |       |       |       |     1 |     2 |       |     1 |       ||     4
         Summon Hydra      |       |       |       |       |       |       |   488 |   529 |   443 ||  1460
         Summon Horrible T |       |       |       |       |       |       |       |   116 |   287 ||   403
         Fire Storm        |       |       |       |       |       |       |       |       |   201 ||   201
         Chain Lightning   |       |       |       |       |       |       |       |       |     3 ||     3
         Maxwell's Capacit |       |       |       |       |       |       |       |       |     2 ||     2
  Evoke: Wand              |       |       |       |     4 |     1 |       |       |       |     2 ||     7
    Use: Scroll            |       |     3 |     4 |    13 |    10 |    14 |     7 |     3 |    14 ||    68
         Potion            |       |       |     1 |     3 |     3 |     4 |     1 |     3 |     1 ||    16
   Stab: Sleeping          |       |     1 |       |       |       |       |       |       |       ||     1
         Distracted        |       |       |       |       |     1 |     4 |     2 |     2 |       ||     9
 Armour: Leather armour    |    28 |    34 |   153 |   126 |       |       |       |       |       ||   341
         Robe              |       |       |       |   147 |   619 |   643 |   234 |   155 |       ||  1798
         Ring mail         |       |       |       |       |       |       |       |    73 |   375 ||   448
  Dodge: Dodged            |    34 |    49 |   129 |   201 |   355 |   310 |    97 |   133 |   201 ||  1509
  Block: Buckler           |       |       |       |       |       |       |       |    39 |       ||    39
         Kite shield       |       |       |       |       |       |       |       |    37 |   119 ||   156

Table legend: (Time is in decaauts)
 A = Elapsed time spent in this place.
 B = Non-inter-level travel time spent in this place.
 C = Inter-level travel time spent in this place.
 D = Time resting spent in this place.
 E = Time spent auto-exploring this place.
 F = Levels seen in this place.
 G = Mean time per level.
                   A        B        C        D        E       F      G
               +--------+--------+--------+--------+--------+-----+--------+
         Total | 130288 | 123609 |   6679 |  47616 |  55820 |  55 | 2368.9 |
       Dungeon |  28842 |  26072 |   2770 |   6199 |  16035 |  15 | 1922.8 |
        Temple |     30 |     15 |     15 |      0 |      0 |   1 |   30.0 |
          Lair |  16642 |  15775 |    867 |   6120 |   7925 |   5 | 3328.4 |
         Swamp |   9859 |   9582 |    277 |   5634 |   2599 |   4 | 2464.8 |
     Snake Pit |  16881 |  16282 |    599 |   8895 |   5216 |   4 | 4220.2 |
  Orcish Mines |   6205 |   6113 |     92 |   3552 |   1796 |   2 | 3102.5 |
   Elven Halls |   6525 |   6257 |    268 |   2532 |   2361 |   3 | 2175.0 |
        Vaults |  19229 |  18302 |    927 |   6220 |   8642 |   5 | 3845.8 |
         Crypt |   5586 |   5367 |    219 |   1692 |   2495 |   3 | 1862.0 |
          Tomb |   1003 |    948 |     55 |      0 |    651 |   1 | 1003.0 |
        Depths |   5700 |   5390 |    310 |    780 |   3156 |   4 | 1425.0 |
          Hell |     10 |     10 |      0 |      0 |      0 |   1 |   10.0 |
           Zot |   9926 |   9650 |    276 |   3010 |   4480 |   5 | 1985.2 |
        Bazaar |    195 |    195 |      0 |      0 |    162 |   1 |  195.0 |
      Ice Cave |   3648 |   3648 |      0 |   2982 |    301 |   1 | 3648.0 |
               +--------+--------+--------+--------+--------+-----+--------+

Top non-repeatable levels by time:
Vaults:1: 6388 daAuts
 Snake:4: 5180 daAuts
 Snake:3: 4950 daAuts
 Swamp:4: 4779 daAuts
  Lair:2: 4616 daAuts
  Lair:4: 4265 daAuts
    D:14: 4136 daAuts
Vaults:2: 3955 daAuts
 Snake:1: 3826 daAuts
  Lair:1: 3810 daAuts
   IceCv: 3648 daAuts
   Orc:2: 3490 daAuts
Vaults:4: 3337 daAuts
 Crypt:3: 3252 daAuts
Vaults:5: 3161 daAuts
